 Dungeon Crawl Stone Soup version 0.30-a0-715-gdb4ae3ece1 (webtiles) character file.

Game seed: 7316212249529391017

109 purpskrrrp the Trooper (level 4, 0/54 HPs)
             Began as a Demonspawn Fighter on Jan 23, 2023.
             Slain by an orc wizard
             ... wielding a +0 dagger
              (2 damage)
             ... on level 3 of the Dungeon.
             The game lasted 00:04:06 (1878 turns).

purpskrrrp the Trooper (Demonspawn Fighter)         Turns: 1878, Time: 00:04:07

Health: 0/54       AC: 26    Str: 18      XL:     4   Next: 59%
Magic:  4/4        EV:  2    Int:  7 (9)  God:
Gold:   128        SH:  4    Dex: 11 (13) Spells: 3/3 levels left

rFire   + . .      SeeInvis .    a - +0 war axe
rCold   . . .      Faith    .    c - +0 buckler
rNeg    . . .      Spirit   .    (body armour currently unavailable)
rPois   +          Reflect  .    (helmet currently unavailable)
rElec   .          Harm     .    (cloak currently unavailable)
rCorr   .          Rampage  .    (gloves currently unavailable)
Will    .....      NoTele   +    (boots currently unavailable)
Stlth   +                        (no amulet)
HPRegen 0.29/turn                i - +4 ring of protection
MPRegen 0.09/turn                e - ring of protection from fire

@: tree-form
A: stationary, stasis, torment immunity, boosted hp, (spiny 1), (sanguine armour
1), subdued magic 1
a: no special abilities


You were on level 3 of the Dungeon.
You were a tree.
You visited 1 branch of the dungeon, and saw 3 of its levels.

You collected 128 gold pieces.

Inventory:

Hand Weapons
 a - a +0 war axe (weapon)
Missiles
 m - 9 boomerangs
 o - 2 datura-tipped darts
Armour
 b - a +0 scale mail (melded)
 c - a +0 buckler (worn)
 l - a +1 pair of boots (melded)
Jewellery
 e - a ring of protection from fire (right branch)
 g - a ring of wizardry
 i - a +4 ring of protection (left branch)
Scrolls
 f - a scroll of identify
 j - 2 scrolls of teleportation


   Skills:
 + Level 3.6 Fighting
 * Level 3.0 Axes
 + Level 3.2 Armour
 + Level 3.2 Shields


You had 3 spell levels left.
You didn't know any spells.
Your spell library contained the following spells:

 Spells                   Type           Power      Damage    Failure   Level
 Sublimation of Blood     Necr           0%         N/A       63%         2
 Petrify                  Tmut/Erth      0%         N/A       99%         4
 Irradiate                Conj/Tmut      0%         3d11      100%        5


Dungeon Overview and Level Annotations

Branches:
Dungeon (3/15)

Altars:
Yredelemnul


Innate Abilities, Weirdness & Mutations

You are a tree.
Your roots penetrate the ground, keeping you stationary.
You cannot be teleported.
You are immune to unholy pain and torment.
Your maximum health is greatly increased.
Your equipment is partially melded.
((You are partially covered in sharp spines.))
((When seriously injured, your blood forms armour. (AC +0)))
Your spells are a little easier to cast, but a little less powerful.


Message History

The orc wizard gestures at you while chanting.
The magic dart hits you but does no damage.
The orc wizard hits you but does no damage.
You are more poisoned.
You slash the orc wizard!
You kill the orc wizard!
You feel very sick.
The giant cockroach bites you but does no damage.
You feel your strength returning.
Your Axes skill increases to level 3!
You barely miss the giant cockroach.
You feel sick.
The giant cockroach bites you but does no damage. x2
You hit the giant cockroach.
You kill the giant cockroach!
You feel sick.
Deactivating autopickup; reactivate with Ctrl-A.
You closely miss something.
You feel sick.
You hear some strange, mumbled words.
A magic dart appears from out of thin air!
The magic dart hits you but does no damage.
You closely miss something.
You feel sick. Something hits you.
* * * LOW HITPOINT WARNING * * *
You closely miss something.
You feel sick.
You are no longer poisoned.
An orc wizard appears from thin air!
Reactivating autopickup.
The orc wizard points at you and mumbles some strange words.
The puff of flame hits you. You resist.
* * * LOW HITPOINT WARNING * * *
The orc wizard hits you but does no damage.
You hit the orc wizard.
The orc wizard is lightly wounded.
The orc wizard hits you but does no damage.
It was a potion of flight.
Your roots keep you in place.
The orc wizard hits you with a +0 dagger.
* * * LOW HITPOINT WARNING * * *
You closely miss the orc wizard.
The orc wizard is lightly wounded.
The orc wizard hits you with a +0 dagger.
You die...

#............#
#..#######.#.#
#..#..$..#.#.# ####
#..#....$#...####...
#..#.$_..#..........
##.#..$..#.#####....
#.#.....#...$......
#.###+###..........
#.♣oo.)).....[...#.
#####.#..........#.
#.....†......#.
###..........#.
#..........#.
#[.........#.
.....####...#.
##...## ##.# #...#
..


You could see an orc wizard and an orc.

Vanquished Creatures
  An orc wizard (D:3)
  2 adders
  A worm (D:2)
  2 orcs (D:3)
  4 bats
  11 endoplasms
  4 giant cockroaches
  3 goblins (D:1)
  6 hobgoblins
  A quokka (D:2)
  5 ball pythons
  5 frilled lizards
  4 kobolds
  6 rats
55 creatures vanquished.

Notes
Turn   | Place    | Note
-------+----------+-------------------------------------------
     0 | D:1      | purpskrrrp the Demonspawn Fighter began the quest for the
                  | Orb.
     0 | D:1      | Reached XP level 1. HP: 18/18 MP: 1/1
   234 | D:1      | Gained mutation: You are partially covered in sharp spines.
                  | [demonic ancestry]
   234 | D:1      | Reached XP level 2. HP: 24/24 MP: 2/2
   384 | D:1      | Found a faded altar of an unknown god.
   874 | D:1      | Gained mutation: When seriously injured, your blood forms
                  | armour. (AC +0) [demonic ancestry]
   874 | D:1      | Reached XP level 3. HP: 23/29 MP: 3/3
  1795 | D:3      | Found a basalt altar of Yredelemnul.
  1843 | D:3      | Reached XP level 4. HP: 30/35 MP: 4/4
  1854 | D:3      | Gained mutation: Your spells are a little easier to cast,
                  | but a little less powerful. [potion of mutation]
  1875 | D:3      | HP: 2/54 [orc wizard/puff of flame (1)]
  1878 | D:3      | Slain by an orc wizard

Illustrated notes

Levels and vault maps discovered:
D:1:      minmay_arrival_arboretum_large, layout_basic,
          dilly_ecumenical_altar_fadedgnrine
D:2:      layout_basic, hangedman_decor_points
D:3:      layout_basic, amcnicky_altar_gilded, lemuel_coloured_pillars_altar,
          grunt_ministairs_6, nrook_campfire, minmay_misc_feat_square,
          uniq_sigmund, uniq_grinder

Skill      XL: |  1  2  3  4 |
---------------+-------------+-----
Axes           | 2 3 |  3.0
Shields        | 3 |  3.2
Armour         | 3 |  3.2
Fighting       | |  3.6

Action                     |  1- 3 |  4- 6 || total
---------------------------+-------+-------++-------
  Melee: War axe           |    92 |    21 ||   113
  Throw: Boomerang         |     5 |       ||     5
    Use: Scroll            |     6 |       ||     6
         Potion            |     2 |     6 ||     8
 Armour: Scale mail        |    45 |     7 ||    52
         Skin              |       |    18 ||    18
  Dodge: Dodged            |    38 |     1 ||    39
  Block: Buckler           |    19 |     3 ||    22

Table legend: (Time is in decaauts)
 A = Elapsed time spent in this place.
 B = Non-inter-level travel time spent in this place.
 C = Inter-level travel time spent in this place.
 D = Time resting spent in this place.
 E = Time spent auto-exploring this place.
 F = Levels seen in this place.
 G = Mean time per level.
                   A        B        C        D        E       F      G
               +--------+--------+--------+--------+--------+-----+--------+
         Total |   1924 |   1710 |    214 |     49 |   1245 |   3 |  641.3 |
       Dungeon |   1924 |   1710 |    214 |     49 |   1245 |   3 |  641.3 |
               +--------+--------+--------+--------+--------+-----+--------+

Top non-repeatable levels by time:
     D:1: 1021 daAuts
     D:2: 808 daAuts
     D:3: 94 daAuts
